Map: Honorgrounds LE

Players

blacknight - Winner!

  • Race: Protoss Protoss
  • League: Diamond
  • Spawn Location: 5:00

Musumeci

  • Race: Zerg Zerg
  • League: Diamond
  • Spawn Location: 11:00

VOD

Have the link to the VOD?

Description

Time

  • Played on: March 15, 2017, 4:28 a.m.
  • Length: 20:45
Show
View Real Time Build Order
Export as new Build Order

blacknight Protoss - Winner!

Build Orders: 1 Gate Expand, Dark Templar Rush 

Get SALT Encoding   

  12  0:02  Probe (Chrono Boost)  
  13  0:13  Probe (Chrono Boost)  
  14  0:19  Pylon  
  14  0:23  Probe (Chrono Boost)  
  15  0:37  Probe (Chrono Boost)  
  15  0:40  Gateway  
  16  0:47  Probe (Chrono Boost)  
  17  0:54  Assimilator  
  17  0:58  Probe (Chrono Boost)  
  18  1:08  Probe (Chrono Boost)  
  19  1:19  Probe (Chrono Boost)  
  20  1:27  Nexus  
  20  1:29  Probe (Chrono Boost)  
  21  1:40  Cybernetics Core  
  21  1:43  Probe (Chrono Boost)  
  22  1:50  Pylon  
  22  1:54  Probe (Chrono Boost)  
  23  2:02  Assimilator  
  23  2:14  Gateway  
  23  2:17  Warp Gate  
  23  2:18  Probe (Chrono Boost)  
  24  2:29  Probe (Chrono Boost)  
  25  2:33  Adept  
  27  2:39  Probe (Chrono Boost)  
  27  2:42  Mothership Core (Chrono Boost)  
  30  2:50  Probe (Chrono Boost)  
  31  2:54  Twilight Council  
  31  3:00  Probe (Chrono Boost)  
  32  3:06  Probe (Chrono Boost)  
  32  3:10  Probe (Chrono Boost)  
  34  3:16  Adept x2  
  34  3:18  Probe (Chrono Boost)  
  38  3:29  Robotics Facility  
  38  3:37  Pylon  
  38  3:41  Probe (Chrono Boost)  
  38  3:42  Pylon, Probe (Chrono Boost)  
  38  3:47  Pylon  
  40  3:53  Dark Shrine  
  40  3:55  Probe (Chrono Boost)  
  41  3:56  Probe (Chrono Boost)  
  42  4:09  Probe (Chrono Boost)  
  45  4:14  Gateway  
  45  4:20  Pylon  
  45  4:28  Pylon  
  33  4:41  Warp Prism  
  34  4:51  Pylon  
  34  4:55  Pylon  
  34  4:56  Probe x2 (Chrono Boost)  
  35  5:07  Probe (Chrono Boost)  
  36  5:16  Dark Templar  
  36  5:23  Probe (Chrono Boost)  
  36  5:24  Probe (Chrono Boost)  
  35  5:34  Probe (Chrono Boost)  
  37  5:36  Gateway, Probe (Chrono Boost)  
  37  5:38  Pylon  
  33  5:52  Dark Templar  
  34  6:05  Dark Templar  
  34  6:06  Probe (Chrono Boost)  
  34  6:08  Probe (Chrono Boost)  
  36  6:21  Probe (Chrono Boost)  
  36  6:23  Probe (Chrono Boost)  
  37  6:25  Stalker  
  37  6:26  Stalker  
  37  6:32  Probe (Chrono Boost)  
  42  6:35  Probe (Chrono Boost)  
  42  6:46  Probe (Chrono Boost)  
  44  7:01  Probe x2 (Chrono Boost)  
  44  7:10  Immortal  
  44  7:12  Probe x2 (Chrono Boost)  
  50  7:16  Assimilator  
  50  7:18  Pylon  
  50  7:22  Probe (Chrono Boost)  
  52  7:23  Probe (Chrono Boost)  
  52  7:26  Forge  
  52  7:33  Probe x2 (Chrono Boost), Charge  
  54  7:43  Probe (Chrono Boost)  
  54  7:44  Probe (Chrono Boost)  
  54  7:57  Probe x2 (Chrono Boost)  
  56  8:01  Dark Templar  
  58  8:11  Probe x2 (Chrono Boost)  
  60  8:13  Assimilator  
  60  8:14  Immortal  
  60  8:16  Protoss Ground Weapons Level 1  
  64  8:20  Adept, Pylon  
  66  8:28  Pylon  
  66  8:30  Probe (Chrono Boost)  
  66  8:31  Probe (Chrono Boost)  
  66  8:32  Pylon  
  68  8:41  Probe x2 (Chrono Boost)  
  70  8:55  Probe x2 (Chrono Boost)  
  70  8:58  Immortal  
  74  9:02  Adept  
  74  9:03  Adept  
  74  9:06  Probe (Chrono Boost)  
  74  9:07  Nexus  
  79  9:19  Dark Templar x2  
  79  9:21  Probe x2 (Chrono Boost)  
  86  9:31  Probe x2 (Chrono Boost)  
  86  9:36  Robotics Facility  
  86  9:38  Robotics Bay  
  87  9:41  Pylon  
  87  9:44  Pylon  
  87  9:45  Stalker x2  
  87  9:52  Archon  
  91  9:53  Archon  
  92  10:00  Probe x2 (Chrono Boost)  
  92  10:05  Gateway x2  
  92  10:06  Sentry x2  
  97  10:13  Gateway  
  97  10:14  Assimilator, Probe (Chrono Boost)  
  97  10:19  Assimilator  
  97  10:20  Probe (Chrono Boost)  
  99  10:22  Pylon  
  99  10:24  Observer  
  99  10:25  Pylon  
  100  10:30  Resonating Glaives  
  100  10:33  Protoss Ground Weapons Level 2  
  100  10:35  Probe x2 (Chrono Boost)  
  102  10:45  Probe x2 (Chrono Boost)  
  102  10:47  Disruptor  
  107  10:56  Probe (Chrono Boost)  
  108  11:06  Probe x2 (Chrono Boost)  
  110  11:17  Probe x2 (Chrono Boost)  
  112  11:25  Disruptor  
  112  11:27  Disruptor, Probe (Chrono Boost)  
  119  11:33  Probe (Chrono Boost)  
  119  11:38  Probe (Chrono Boost)  
  121  11:41  Probe (Chrono Boost)  
  122  12:05  Immortal x2  
  130  12:09  Nexus  
  130  12:12  Pylon x2  
  130  12:19  Zealot x4  
  138  12:32  Probe x2 (Chrono Boost)  
  140  12:42  Probe x2 (Chrono Boost)  
  134  12:45  Assimilator  
  134  12:46  Assimilator  
  134  12:49  Disruptor  
  127  12:51  Disruptor  
  127  12:52  Protoss Ground Weapons Level 3  
  130  13:00  Gateway  
  130  13:01  Gateway  
  130  13:03  Gateway  
  130  13:04  Gateway  
  130  13:05  Adept x4  
  136  13:06  Adept  
  140  13:13  Templar Archives  
  140  13:39  Observer  
  141  13:54  Psionic Storm  
  141  13:57  Nexus  
  141  13:58  Disruptor  
  144  14:14  Sentry  
  144  14:15  Sentry  
  148  14:17  Dark Templar x3  
  148  14:18  Dark Templar  
  155  14:32  Pylon  
  155  14:33  Archon x2  
  155  14:34  Pylon  
  155  14:36  High Templar, Pylon  
  157  14:42  Pylon, Blink  
  157  14:44  Pylon  
  157  14:46  Pylon  
  157  14:48  Photon Cannon  
  157  14:50  Photon Cannon  
  157  14:53  Pylon  
  157  14:56  Warp Prism  
  157  14:57  Disruptor, Pylon  
  162  15:03  Stalker x3  
  168  15:25  High Templar x2  
  168  15:26  High Templar x2, Assimilator  
  168  15:28  Assimilator  
  176  15:40  Protoss Ground Armor Level 1  
  176  15:41  Colossus  
  182  15:43  Extended Thermal Lance  
  182  15:45  Colossus  
  188  15:58  Dark Templar x4  
  166  16:33  Zealot  
  166  16:34  Zealot x6  
  166  16:35  Zealot  
  182  16:44  Probe x3 (Chrono Boost)  
  182  16:45  Probe (Chrono Boost)  
  186  16:58  Zealot x3  
  186  16:59  Zealot x3  
  168  17:31  Stalker x2  
  168  17:32  Stalker  
  168  17:33  Stalker x4  
  143  17:55  Colossus x2  
  155  18:02  Protoss Ground Armor Level 2  
  143  18:36  Stalker x4  
  143  18:39  Dark Templar x4  
  143  18:40  Dark Templar x2  
  163  18:43  Archon x3  
  163  18:49  Warp Prism x2  
  135  19:14  Stargate  
  135  19:18  High Templar x4  
  135  19:19  Stargate x2  
  135  19:20  Zealot x5  
  135  19:21  Zealot x2  
  157  19:25  Archon x2  
  123  19:48  Colossus  
  123  19:49  Colossus  
  135  19:56  Dark Templar x3  
  135  19:57  Dark Templar  
  137  20:15  High Templar x3, Photon Cannon  
  137  20:16  High Templar x2, Photon Cannon  
  137  20:19  Photon Cannon  
Show
View Real Time Build Order
Export as new Build Order

Musumeci Zerg 

Build Orders: Hatch First, Zergling Baneling 

Get SALT Encoding   

  12  0:01  Drone  
  13  0:09  Drone  
  14  0:14  Extractor  
  14  0:15  Drone  
  15  0:23  Overlord  
  15  0:44  Drone x3  
  18  0:59  Hatchery  
  17  1:05  Drone  
  17  1:06  Extractor  
  17  1:21  Spawning Pool  
  17  1:23  Drone  
  17  1:33  Drone x2  
  19  1:51  Drone x2  
  21  2:11  Queen, Metabolic Boost  
  21  2:13  Overlord  
  21  2:15  Overlord  
  23  2:17  Drone  
  23  2:21  Drone  
  25  2:33  Zergling x4  
  27  2:41  Zergling x2  
  27  2:42  Baneling Nest  
  27  2:44  Queen  
  27  2:50  Zergling x4  
  31  3:17  Zergling x12  
  37  3:27  Zergling x6  
  37  3:33  Evolution Chamber  
  39  3:36  Overlord  
  39  3:48  Baneling x4  
  39  3:50  Hatchery  
  39  3:51  Baneling  
  39  3:52  Baneling  
  39  3:53  Baneling  
  38  3:56  Baneling  
  38  4:00  Zergling x2  
  38  4:01  Zergling x2  
  40  4:04  Zergling x2  
  40  4:08  Zergling x2  
  32  4:42  Zergling x14  
  36  5:11  Zergling x8  
  39  5:18  Spore Crawler  
  39  5:20  Spore Crawler  
  24  6:11  Roach Warren  
  24  6:17  Baneling  
  23  6:23  Baneling  
  23  6:25  Drone x9  
  31  6:38  Spore Crawler  
  29  6:42  Drone x8  
  29  6:45  Lair  
  37  6:47  Drone  
  37  6:54  Roach x2  
  42  7:07  Overlord  
  42  7:08  Overlord  
  42  7:09  Roach x4  
  50  7:22  Extractor  
  49  7:26  Zergling x2  
  49  7:27  Zergling x6  
  49  7:28  Drone x3  
  55  7:52  Overseer  
  49  8:10  Drone x15  
  64  8:16  Overseer  
  64  8:30  Drone x2  
  66  8:37  Queen  
  57  8:56  Drone  
  57  8:57  Drone x8  
  66  9:12  Glial Reconstitution  
  66  9:13  Zerg Missile Weapons Level 1  
  63  9:28  Roach  
  63  9:29  Overlord x4  
  65  9:32  Extractor  
  65  9:34  Extractor, Ravager x2  
  65  9:46  Extractor  
  65  9:47  Queen  
  65  9:48  Drone x3  
  69  9:53  Drone x7  
  69  9:54  Drone x4  
  69  9:58  Ravager x2  
  82  10:02  Zergling x2  
  83  10:13  Ravager x3  
  86  10:17  Drone x3  
  86  10:18  Extractor  
  86  10:19  Drone  
  89  10:21  Overlord x4  
  81  11:07  Spore Crawler  
  81  11:09  Spore Crawler  
  79  11:16  Roach x2  
  79  11:17  Roach x12  
  107  11:33  Queen  
  107  11:38  Hatchery  
  107  11:39  Extractor  
  107  11:40  Extractor  
  106  12:21  Roach x2  
  106  12:22  Roach x6  
  115  12:51  Queen  
  115  12:53  Hatchery  
  118  12:58  Roach  
  118  13:00  Ravager x3  
  118  13:03  Overlord x4  
  121  13:43  Drone x7  
  128  13:50  Zerg Missile Weapons Level 2  
  128  13:52  Zergling x2  
  128  13:53  Zergling x14  
  134  14:04  Ravager x12  
  134  14:07  Spore Crawler  
  134  14:09  Spine Crawler x2  
  143  14:11  Baneling  
  143  14:12  Baneling x15  
  143  14:34  Centrifical Hooks  
  143  14:41  Roach  
  143  14:42  Roach x7  
  159  14:50  Spore Crawler  
  159  14:51  Drone x2, Spore Crawler  
  159  14:52  Overlord  
  159  14:53  Overlord x5  
  159  15:20  Zergling x8  
  159  15:21  Zergling x12  
  169  15:35  Evolution Chamber  
  168  15:53  Zergling x10  
  168  15:54  Zergling x10  
  178  16:07  Infestation Pit  
  154  16:31  Zergling x24  
  163  16:42  Baneling x3  
  163  16:43  Baneling x11  
  163  16:46  Baneling x2  
  163  16:47  Baneling  
  163  17:12  Roach  
  163  17:13  Roach x11  
  163  17:15  Ravager x9  
  194  17:16  Ravager x3  
  113  17:46  Roach x10  
  78  17:53  Roach  
  78  17:55  Roach x9  
  78  17:56  Roach x6  
  108  18:03  Ravager x2  
  108  18:04  Zergling x10  
  115  18:07  Roach x3  
  115  18:09  Ravager  
  122  18:17  Ravager x8  
  122  18:18  Ravager x7  
  137  18:25  Roach x8  
  153  18:31  Zerg Melee Weapons Level 1  
  152  18:40  Baneling x15  
  152  18:41  Baneling x16  
  152  18:53  Hatchery  
  152  18:54  Extractor  
  150  18:56  Extractor  
  118  19:10  Zergling x2  
  118  19:11  Zergling x18  
  118  19:14  Ravager  
  118  19:15  Ravager  
  118  19:16  Ravager  
  131  19:17  Ravager  
  131  19:19  Ravager  
  131  19:20  Ravager  
  131  19:23  Ravager  
  131  19:24  Ravager  
  112  19:36  Roach x2  
  112  19:37  Roach  
  62  20:07  Roach x7  
  58  20:22  Ravager  
  58  20:26  Drone x5  
  58  20:27  Drone, Overlord  
Tags
 
Add a new tag
Caveats
  • Supply blocks, unpowered buildings, or Contaminate may cause inaccurate times.
  • Supply counts are checked every 10 seconds.